 Dungeon Sprint DCSS version 0.23.0 (webtiles) character file.

Game seed: 2150762600671489480

724 Kairos the Blocker (level 8, 0/71 HPs)
             Began as a Formicid Fighter on Feb 12, 2019.
             Was an Initiate of Cheibriados.
             Succumbed to a red devil's poison
             ... in the Dungeon (Sprint I: "Red Sonja").
             The game lasted 00:06:40 (917 turns).

Kairos the Blocker (Formicid Fighter)                Turns: 917, Time: 00:06:41

Health: 0/71       AC: 12    Str: 30    XL:     8   Next: 2%
Magic:  6/10       EV: 11    Int:  8    God:    Cheibriados [......]
Gold:   185        SH: 13    Dex: 11    Spells: 7/7 levels left

rFire    x . .     SeeInvis +   a - +0 quarterstaff
rCold    + + .     Gourm    .   c - +0 shield
rNeg     . . .     Faith    .   o - +5 ring mail of Hospitality {rF- rC++ MR++}
rPois    .         Spirit   .   (helmet unavailable)
rElec    .         Reflect  .   (no cloak)
rCorr    .         Harm     .   (no gloves)
MR       ++...                  (no boots)
Stlth    +.........             (no amulet)
HPRegen  0.21/turn              (no ring)
MPRegen  0.12/turn              (no ring)

@: mighty, lethally poisoned (0 -> -8), very slow
A: permanent stasis, dig shafts and tunnels, four strong arms, antennae 3
a: Dig, Bend Time, Renounce Religion


You were in the Dungeon.
You worshipped Cheibriados.
Cheibriados was noncommittal.
You were not hungry.

You visited 1 branch You collected 405 gold pieces.
You spent 220 gold pieces at shops.

Inventory:

Hand Weapons
 a - a +0 quarterstaff (weapon)
Armour
 b - a +0 scale mail
 c - a +0 shield (worn)
 m - a +0 scale mail
 o - the +5 ring mail of Hospitality (worn) {rF- rC++ MR++}
   (You found it in the Dungeon)

   It makes you vulnerable to fire.
   It greatly protects you from cold.
   It affects your resistance to hostile enchantments.
 p - a +1 buckler of reflection
Wands
 l - a wand of random effects (17)
 n - a wand of flame (11)
Scrolls
 k - a scroll of blinking
Potions
 e - a potion of curing
 h - a potion of haste
 i - 2 potions of magic
 j - a potion of berserk rage
Comestibles
 f - a ration


   Skills:
 + Level 9.0 Fighting
 + Level 8.1 Staves
 + Level 9.6 Armour
 + Level 2.0 Dodging
 + Level 0.2 Stealth
 + Level 10.4 Shields
 + Level 0.3 Invocations
 + Level 2.7 Evocations


You had 7 spell levels left.
You didn't know any spells.
Your spell library was empty.

Dungeon Overview and Level Annotations

Branches:
Dungeon (1/1)

Altars:
Cheibriados
Dithmenos
Elyvilon
Fedhas
Gozag
Hepliaklqana
Kikubaaqudgha
Makhleb
Nemelex Xobeh
Okawaru
Qazlal
Ru
Sif Muna
Trog
Uskayaw
Vehumet
Wu Jian
Xom
Yredelemnul
Zin
The Shining One
Jiyva
Lugonu

Shops:
D *


Innate Abilities, Weirdness & Mutations

You cannot be hasted, slowed, berserked, paralysed or teleported.
You can dig through walls and to a lower floor.
Your four strong arms can wield two-handed weapons with a shield.
You have a pair of large antennae on your head. (SInv)


Message History

The red devil hits you from afar with a +2 demon trident of venom!
* * * LOW HITPOINT WARNING * * *
You are poisoned.
The hellwing closely misses you.
The hellwing hits you but does no damage.
You sock the kobold demonologist!
The kobold demonologist is moderately wounded.
You feel sick.
The quasit bites you but does no damage.
You block the quasit's attack. The quasit misses you.
The kobold demonologist casts a spell. x2
You barely miss the kobold demonologist.
The kobold demonologist is moderately wounded.
The hellwing hits you!
* * * LOW HITPOINT WARNING * * *
You block the hellwing's attack. The red devil barely misses you.
The quasit barely misses you. You block the quasit's attack.
The quasit claws you but does no damage.
You feel very mighty all of a sudden.
You die...

##########################*****
#<.#..)..#..'43#__#.55.5.#,,*,,
#..'÷.#..)..#5K5{.'..#,,,**+*,*
#..#####'#####4#{_####{,{+{,*,*
#..####..#...#K####,,*****{,+,*
#..#__####..##@#≈≈≈,{*,,**+****
#..#_____##'#54+≈≈≈,,+,{*,,,,,*
#⌠⌠#_.∩...÷..._#≈≈≈,{*,,*,,,,,+
####_..__##_.#+#*+*****+***,,,*
*,,#_____###+#,*,,,,***,+,*,,,*
***#######**,****+***,***,*,,**
*∩,,,,,,,,+,,,+,,{,,+,∩**,*,,**
***++++****,{,***********,**+*,
*,,{,,,,****,***,,,,,,,**,**,*,


You could see a hellwing, an ice devil, 2 kobold demonologists, a smoke demon, a
red devil, 2 quasits and a crimson imp.

Vanquished Creatures
  A slime creature (D)
  Sigmund (D)
  A yak (D)
  A floating eye (D)
  An ogre (D)
  A jelly (D)
  Ijyb (D)
7 creatures vanquished.

Notes
Turn   | Place    | Note
-------+----------+-------------------------------------------
     0 | D        | Kairos the Formicid Fighter began the quest for the Orb.
     0 | D        | Reached XP level 1. HP: 18/18 MP: 1/1
     2 | D        | Noticed Ijyb
    20 | D        | Killed Ijyb
    20 | D        | Reached skill level 5 in Shields
    20 | D        | Reached XP level 2. HP: 25/26 MP: 2/2
    20 | D        | Reached XP level 3. HP: 30/31 MP: 3/3
    30 | D        | Noticed an ogre
    34 | D        | Killed an ogre
    34 | D        | Reached skill level 7 in Shields
    34 | D        | Reached XP level 4. HP: 29/40 MP: 4/4
    34 | D        | Reached XP level 5. HP: 33/46 MP: 5/5
   129 | D        | Noticed Sigmund
   143 | D        | Killed Sigmund
   143 | D        | Reached skill level 5 in Staves
   143 | D        | Reached skill level 8 in Shields
   143 | D        | Reached skill level 1 in Evocations
   143 | D        | Reached XP level 6. HP: 20/55 MP: 5/7
   447 | D        | Found an ornate altar of the Wu Jian Council.
   447 | D        | Found a deep blue altar of Sif Muna.
   450 | D        | Found a radiant altar of Vehumet.
   451 | D        | Got a twisted ring mail
   470 | D        | Identified the +5 ring mail of Hospitality {rF- rC++ MR++}
                  | (You found it in the Dungeon)
   476 | D        | Found Jazuid's General Store.
   476 | D        | Found an ancient bone altar of Kikubaaqudgha.
   476 | D        | Found a hazy altar of Hepliaklqana.
   476 | D        | Found a stormy altar of Qazlal.
   476 | D        | Found a hide-covered altar of Uskayaw.
   476 | D        | Found a blossoming altar of Fedhas.
   476 | D        | Found a bloodstained altar of Trog.
   476 | D        | Found an iron altar of Okawaru.
   476 | D        | Found a basalt altar of Yredelemnul.
   476 | D        | Found a glowing golden altar of the Shining One.
   476 | D        | Found a snail-covered altar of Cheibriados.
   476 | D        | Found a sacrificial altar of Ru.
   476 | D        | Found a glowing silver altar of Zin.
   476 | D        | Found a shadowy altar of Dithmenos.
   476 | D        | Found a white marble altar of Elyvilon.
   476 | D        | Noticed a yak
   491 | D        | Killed a yak
   491 | D        | Reached skill level 1 in Dodging
   491 | D        | Reached skill level 9 in Shields
   491 | D        | Reached XP level 7. HP: 57/62 MP: 8/8
   493 | D        | Found an opulent altar of Gozag.
   509 | D        | Found a sparkling altar of Nemelex Xobeh.
   515 | D        | Became a worshipper of Cheibriados the Contemplative
   530 | D        | Found a viscous altar of Jiyva.
   530 | D        | Found a corrupted altar of Lugonu.
   530 | D        | Noticed a slime creature
   531 | D        | Found a burning altar of Makhleb.
   531 | D        | Found a shimmering altar of Xom.
   541 | D        | Killed a slime creature
   541 | D        | Reached skill level 10 in Shields
   838 | D        | Bought a +1 buckler of reflection for 175 gold pieces
   838 | D        | Bought a scroll of magic mapping for 45 gold pieces
   878 | D        | Noticed a kobold demonologist
   879 | D        | Noticed an ice devil
   880 | D        | Noticed a kobold demonologist
   905 | D        | Reached XP level 8. HP: 9/71 MP: 8/10
   907 | D        | Noticed a red devil
   914 | D        | Noticed a smoke demon
   914 | D        | Noticed a hellwing
   916 | D        | Noticed an ice devil
   916 | D        | HP: 1/71 [hellwing[a kobold demonologist] (11)]
   917 | D        | Succumbed to a red devil's poison

Skill      XL: |  1  2  3  4  5  6  7 |
---------------+----------------------+-----
Fighting       | 4 6 7 8 9 |  9.0
Staves         | 3 4 5 6 8 |  8.1
Armour         | 4 6 7 8 9 |  9.6
Shields        | 5 7 8 9 10 | 10.4
Evocations     | 1 2 |  2.7
Dodging        | 1 2 |  2.0
Stealth        | |  0.2
Invocations    | |  0.3

Action                   |  1- 3 |  4- 6 |  7- 9 || total
-------------------------+-------+-------+-------++-------
Melee: Quarterstaff      |    20 |    26 |    36 ||    82
Invok: Bend Time         |       |       |     2 ||     2
Evoke: Wand              |     1 |     4 |       ||     5
  Use: Scroll            |       |       |     1 ||     1
       Potion            |       |       |     2 ||     2
Armor: Scale mail        |     6 |     3 |       ||     9
       Ring mail         |       |     3 |     7 ||    10
Dodge: Dodged            |     9 |     5 |    10 ||    24
Block: Shield            |     5 |    11 |    14 ||    30
